 Seeded DCSS version 0.28.0-53-g5a82cb258f (webtiles) character file.

Game seed: 10077074884737061911 (custom seed)

1 valliere the Stinger (level 1, 14/14 HPs)
             Began as a Demigod Venom Mage on Nov 22, 2022.
             Quit the game on level 1 of the Dungeon.
             The game lasted 00:01:44 (132 turns).

valliere the Stinger (Demigod Venom Mage)            Turns: 132, Time: 00:01:45

Health: 14/14      AC:  2    Str:  9    XL:     1   Next: 13%
Magic:  5/5        EV: 12    Int: 17    God:
Gold:   377        SH:  0    Dex: 14    Spells: 2/3 levels left

rFire   . . .      SeeInvis .   c - +0 dagger
rCold   . . .      Faith    .   (no shield)
rNeg    . . .      Spirit   .   a - +0 robe
rPois   .          Reflect  .   (no helmet)
rElec   .          Harm     .   (no cloak)
rCorr   .          Rampage  .   (no gloves)
Will    .....                   (no boots)
Stlth   ++........              (no amulet)
HPRegen 0.04/turn               (no ring)
MPRegen 0.09/turn               (no ring)

@: no status effects
A: high MP 1, forlorn, divine attributes
a: no special abilities


You were on level 1 of the Dungeon.
You visited 1 branch of the dungeon, and saw 1 of its levels.

You collected 377 gold pieces.

Inventory:

Hand Weapons
 c - a +0 dagger (weapon)
Armour
 a - a +0 robe (worn)
 d - a +0 leather armour
Scrolls
 e - a scroll of magic mapping {unknown}
 f - a scroll of acquirement
Potions
 b - a potion of brilliance {unknown}


   Skills:
 + Level 0.0 Armour
 - Level 1.7 Dodging
 + Level 1.8 Stealth
 + Level 1.8 Spellcasting
 + Level 0.9 Transmutations
 * Level 2.7 Poison Magic


You had 2 spell levels left.
You knew the following spells:

 Your Spells              Type           Power      Damage    Failure   Level
a - Sting                 Tmut/Pois      28%        1d4       10%         1

Your spell library contained the following spells:

 Spells                   Type           Power      Damage    Failure   Level
 Poisonous Vapours        Pois/Air       12%        N/A       17%         2
 Foxfire                  Conj/Fire      4%         2x1d4     21%         1
 Mephitic Cloud           Conj/Pois/Air  4%         N/A       38%         3
 Conjure Flame            Conj/Fire      1%         6-21      52%         3
 Inner Flame              Hex/Fire       1%         N/A       52%         3
 Olgreb's Toxic Radiance  Pois           10%        N/A       54%         4
 Flame Wave               Conj/Fire      1%         2d4       89%         4


Dungeon Overview and Level Annotations

Branches:
Dungeon (1/15)


Innate Abilities, Weirdness & Mutations

You have an increased reservoir of magic. (+10% MP)
You shall have no god before yourself.
Your divine heritage dramatically boosts your attributes as you level up.


Message History

Found a ring mail.
Found a staircase leading out of the dungeon.
Found 19 stones.
You open the door.
There is an open door here.
There is an open door here.
Found an escape hatch in the floor.
There is an escape hatch in the floor here.
Found 11 arrows.
b - a glowing orange potion You open the door.
There is an open door here.
A goblin comes into view. It is wielding a +0 dagger.
The sting hits the goblin.
The goblin is poisoned.
The goblin is heavily wounded.
The goblin shouts!
The sting hits the goblin.
The goblin looks even sicker.
You kill the goblin!
You can't see any susceptible monsters within range! (Use Z to cast anyway.) No target in view!
Magic restored.
You see here a +0 dagger.
Found a leather armour.
You see here a +0 dagger.
c - a +0 dagger
c - a +0 dagger (weapon)
Found a scroll labelled XUOTSU TADOO.
Found a stone staircase leading down.
Found 3 scrolls labelled ETINUTWYIVUU.
You see here a +0 leather armour.
d - a +0 leather armour
Found a stone staircase leading down.
e - a scroll labelled XUOTSU TADOO
f - 3 scrolls labelled ETINUTWYIVUU This is a scroll of acquirement!
Something appears at your feet!
You now have 377 gold pieces.
You see here a book of Flames.
Something appears at your feet!
You pick up a book of Flames and begin reading...
You add the spells Foxfire, Conjure Flame, Inner Flame and Flame Wave to your library.
Are you sure you want to abandon this character and quit the game? (Confirm with "yes".)

.... ..# #..# ...#.#..#
...#.#..# #+#
#.>..>.####.##
#.#.#..#...... #..
#..#.# #.# #.###....#
#.#
##.####@.......###.#####
........................
##.#############.##.....
... #.##.#### ....
###+##'####
.....#.........#
.....#(........#
...............#
.........##+####


There were no monsters in sight!

Vanquished Creatures
  A goblin (D:1)
1 creature vanquished.

Notes
Turn   | Place    | Note
-------+----------+-------------------------------------------
     0 | D:1      | valliere the Demigod Venom Mage began the quest for the
                  | Orb.
     0 | D:1      | Reached XP level 1. HP: 14/14 MP: 5/5
   128 | D:1      | Identified 3 scrolls of acquirement
   128 | D:1      | Acquired 377 gold pieces
   130 | D:1      | Acquired a book of Flames
   132 | D:1      | Quit the game

Illustrated notes

Levels and vault maps discovered:
D:1:      erik_arrival_blinker_ship, layout_basic

Action                   || total
-------------------------++-------
 Cast: Sting             ||     2
  Use: Scroll            ||     2
